AoeStats
← Xanmax

MegaRandom

506783803Analyzed
1v1 RM · 16d ago on Sep 15, 2026· 47m 49s· 2 players
Game mode
Random Map
Map size
Tiny (2 player)
Population
200
Speed
Normal
Resources
Standard
Victory
Conquest
Starting age
Dark Age
Ending age
Imperial Age
RankedLock teamsTeams togetherTeam positionsShared explorationLock speedFull tech treeHidden civsTurbo modeCheats
Victory
Defeat
🇲🇽 Poles · Mexico
1345
+13
🇭🇳 Goths · Honduras
1289
-13
Mr.117
10:17 Feudal Age
12:05 Loom
15:52 Castle Age
14:56 Double-Bit Axe
22:20 Gold Mining
26:03 Wheelbarrow
25:13 Horse Collar
32:29 Imperial Age
32:35 Imperial Age
31:32 Bow Saw
34:25 Chemistry
36:36 Elite Skirmisher
39:04 Fletching
39:14 Padded Archer Armor
40:13 Bodkin Arrow
42:59 Two-Man Saw
43:48 Forging
43:57 Leather Archer Armor
44:36 Forging
43:55 Pikeman
46:41 Conscription
Xanmax
10:45 Feudal Age
14:44 Castle Age
13:00 Double-Bit Axe
13:31 Horse Collar
20:29 Loom
21:09 Fletching
25:48 Redemption
28:27 Devotion
28:53 Town Watch
32:19 Imperial Age
30:17 Bodkin Arrow
31:16 Wheelbarrow
33:05 Gold Mining
33:49 Conscription
33:35 Scale Mail Armor
33:36 Bracer
34:59 Hand Cart
35:32 Elite Skirmisher
38:15 Bow Saw
39:00 Ballistics
39:48 Padded Archer Armor
41:02 Chemistry
42:00 Scale Barding Armor
42:30 Bloodlines
42:21 Husbandry
42:57 Lechitic Legacy
43:33 Masonry
42:49 Cavalier
43:37 Szlachta Privileges
44:01 Stone Mining
44:42 Chain Barding Armor
44:38 Forging
45:23 Leather Archer Armor
47:05 Iron Casting
47:16 Hoardings
48:46 Blast Furnace
Connection lost

Rejoining the realm…

Still unreachable

The connection could not be restored.

Session expired

The server has moved on; the page needs a fresh start.